 Dungeon Crawl Stone Soup version 0.30.0-5-g1a98f26d00 (webtiles) character file.

Game seed: 16724104926682726135

14 monsoonserge the Magician (level 2, 0/23 HPs)
             Began as a Djinni Warper on May 10, 2023.
             Slain by a kobold
             ... wielding a +1 whip of electrocution
              (13 damage)
             ... on level 1 of the Dungeon.
             The game lasted 00:02:24 (352 turns).

monsoonserge the Magician (Djinni Warper)            Turns: 352, Time: 00:02:26

Health: 0/23       AC:  4    Str: 10    XL:     2   Next: 60%
Gold:   8          EV: 11    Int: 14    God:
                   SH:  0    Dex: 12

rFire   + + .        i - +1 hand axe (heavy)
rCold   x . .        (no shield)
rNeg    . . .        b - +0 leather armour
rPois   ∞            (no helmet)
rElec   .            (no cloak)
rCorr   .            e - +0 pair of gloves
SInv    .            (boots unavailable)
Will    .....        (no amulet)
Stlth   +            (no ring)
HPRegen 0.23/turn    (no ring)
MPRegen 0.00/turn

%: infuse magic (-1 HP)
@: flying
A: sickness immunity, fire resistance 2, cold vulnerability 1, float, innate
caster, HP casting, extra vitality 1
a: no special abilities


You were on level 1 of the Dungeon.
You visited 1 branch of the dungeon, and saw 1 of its levels.

You collected 8 gold pieces.

Inventory:

Hand Weapons
 a - a +0 falchion
 i - a +1 heavy hand axe (weapon)
Missiles
 d - 7 boomerangs of dispersal (quivered)
 g - 6 atropa-tipped darts
Armour
 b - a +0 leather armour (worn)
 e - a +0 pair of gloves (worn)
Scrolls
 c - a scroll of blinking
 f - a scroll of amnesia {unknown}
 h - a scroll of identify {unknown}
 j - a scroll of vulnerability {unknown}
 k - a scroll of enchant armour {unknown}


   Skills:
 + Level 2.0 Fighting
 + Level 1.9 Long Blades
 + Level 0.7 Throwing
 + Level 1.1 Armour
 + Level 2.2 Dodging
 * Level 2.8 Spellcasting


You knew the following spells:

 Your Spells              Type           Power      Damage    Failure   Level
a - Blink                 Tloc           18%        N/A       14%         2
b - Lesser Beckoning      Tloc           18%        N/A       14%         2
c - Vhi's Electric Charg  Tloc/Air       18%        N/A       28%         3
d - Teleport Other        Tloc           9%         N/A       28%         3
e - Manifold Assault      Tloc           9%         N/A       67%         4
Your spell library was empty.

Dungeon Overview and Level Annotations

Branches:
Dungeon (1/15)

Altars:


Innate Abilities, Weirdness & Mutations

You are immune to sickness and miasma.
You are immune to poison.
Your flesh is very heat resistant. (rF++)
You are vulnerable to cold. (rC-)
You float through the air rather than walking.
You learn spells naturally, not from books.
Your magical power is your life essence.
You have superior vitality. (+4 MHP)


Message History

The bat hits you but does no damage.
You see here a rat corpse.
You miss the bat. The bat hits you but does no damage. x2
The bat barely misses you.
You slash the bat!
You kill the bat!
You closely miss the rat. The rat closely misses you. x2
You slash the rat!
You kill the rat!
You now have 8 gold pieces.
A frilled lizard comes into view.
The frilled lizard hisses angrily.
You slash the frilled lizard!
You kill the frilled lizard!
You see here a frilled lizard corpse.
A kobold comes into view. It is wielding a +0 short sword.
The kobold shouts!
An endoplasm comes into view.
Found 5 poisoned darts.
The endoplasm quivers.
The kobold throws a stone.
The stone barely misses you.
A kobold comes into view.
It is wielding a +1 whip of electrocution.
The kobold shouts!
You slash the kobold!
You kill the kobold!
You hit the endoplasm. The endoplasm hits you.
The endoplasm hits you but does no damage.
You barely miss the endoplasm.
The endoplasm is lightly wounded.
The endoplasm freezes you.
You are frozen.
You feel a terrible chill!
The kobold hits you with a +1 whip of electrocution.
The endoplasm hits you but does no damage.
You slash the endoplasm!
You kill the endoplasm!
You hit the kobold.
The kobold hits you with a +1 whip of electrocution.
You are electrocuted!
Ouch! That really hurt!
You die...

......##############....##..
.....## #....# ......#
##.#### ......## ####..#
.##....## #.....######
.##.##..# ###...........
##...#### #.......######
#☼§.# #.#.....# #§○.# #
#@..#.# #☼§§# #...K........
##...# #.....#...#.###
§.$... .##...#...#... §..$..
.... ....####. § ...#.(....#
. #.## ##...# ## ##...


You could see a kobold.

Vanquished Creatures
  2 dart slugs (D:1)
  2 endoplasms (D:1)
  A hobgoblin (D:1)
  2 ball pythons (D:1)
  2 bats (D:1)
  2 frilled lizards (D:1)
  A kobold (D:1)
  2 rats (D:1)
14 creatures vanquished.

Notes
Turn   | Place    | Note
-------+----------+-------------------------------------------
     0 | D:1      | monsoonserge the Djinni Warper began the quest for the Orb.
     0 | D:1      | monsoonserge set off with the following spells memorised:
                  | Blink, Lesser Beckoning, Vhi's Electric Charge, Teleport
                  | Other, Manifold Assault.
     0 | D:1      | Reached XP level 1. HP: 18/18 MP: 0/0
    69 | D:1      | Reached XP level 2. HP: 8/23 MP: 0/0
   352 | D:1      | Slain by a kobold

Illustrated notes

Levels and vault maps discovered:
D:1:      lightli_arrival_windingriver, layout_rooms, minmay_misc_feat_tower,
          lemuel_flame_loot_1

Action                     || total
---------------------------++-------
  Melee: Falchion          ||    13
         Hand axe          ||    17
 Armour: Leather armour    ||    12
  Dodge: Dodged            ||    12
